Map: Romanticide LE

Players

Vindicta - Winner!

  • Race: Terran Terran

MCanning

  • Race: Protoss Protoss

Event: DreamHack SC2 Masters 2021 Fall

VOD

Have the link to the VOD?

Description

Time

  • Played on: Aug. 8, 2021, 3:02 p.m.
  • Length: 15:24

All games in this series

Show
View Real Time Build Order
Export as new Build Order

Vindicta Terran - Winner!

Build Orders: Reaper Expand 

Get SALT Encoding   

  12  0:00  SCV  
  13  0:12  SCV  
  14  0:17  Supply Depot  
  14  0:24  SCV  
  15  0:38  SCV  
  15  0:41  Barracks  
  16  0:44  Refinery  
  16  0:51  SCV  
  17  1:03  SCV  
  18  1:15  SCV  
  19  1:30  Reaper, Orbital Command  
  20  1:47  Bunker  
  20  1:52  Command Center  
  20  1:57  SCV  
  21  2:02  Marine  
  21  2:07  Supply Depot  
  22  2:10  SCV  
  23  2:20  Factory  
  23  2:29  Marine, SCV  
  25  2:40  Refinery  
  25  2:41  Bunker, SCV  
  26  2:47  Barracks Reactor  
  26  2:54  SCV  
  27  3:05  Orbital Command  
  26  3:06  SCV  
  26  3:08  Hellion  
  29  3:14  Starport  
  29  3:18  SCV  
  30  3:23  Marine x2  
  32  3:30  SCV x2  
  34  3:35  Factory Tech Lab  
  34  3:38  Supply Depot  
  34  3:41  Marine  
  34  3:42  Marine, SCV x2  
  38  3:54  SCV x2  
  40  3:57  Barracks  
  40  3:59  Factory Tech Lab  
  40  4:00  Raven  
  40  4:02  Marine x2  
  44  4:06  SCV  
  44  4:08  SCV  
  46  4:11  Barracks  
  46  4:18  SCV, Siege Tank  
  46  4:20  SCV  
  46  4:23  Engineering Bay  
  51  4:25  Marine  
  51  4:26  Refinery  
  51  4:30  SCV  
  51  4:32  SCV  
  51  4:42  Supply Depot, SCV  
  51  4:44  Marine x2, Supply Depot  
  54  4:50  Terran Infantry Weapons Level 1  
  54  4:52  Stimpack  
  54  4:53  Refinery  
  54  5:03  Marine, SCV x2  
  54  5:04  Supply Depot, Combat Shield  
  54  5:06  Supply Depot  
  57  5:10  Marauder  
  57  5:11  Starport Reactor  
  59  5:15  Marine x2  
  59  5:16  Factory Reactor  
  59  5:17  SCV  
  59  5:18  SCV  
  63  5:23  Marauder  
  63  5:26  Supply Depot  
  65  5:31  Marauder  
  65  5:32  Marine  
  65  5:33  SCV x2, Supply Depot  
  70  5:39  Marine  
  71  5:44  Marine  
  71  5:47  Medivac x2  
  76  5:50  Marine  
  76  5:53  Widow Mine x2, Marauder  
  83  5:57  SCV x2  
  83  5:59  Marine  
  83  6:00  Supply Depot  
  86  6:04  Marine  
  87  6:14  Marauder  
  87  6:15  Marine, Command Center  
  90  6:22  Medivac x2  
  90  6:23  Marine  
  90  6:24  Marine  
  96  6:30  Widow Mine  
  97  6:34  SCV  
  97  6:36  Concussive Shells  
  97  6:38  Marine  
  101  6:43  Supply Depot  
  101  6:44  Terran Infantry Armor Level 1  
  101  6:45  Marine, Supply Depot  
  100  6:54  Barracks  
  100  6:55  Barracks  
  100  6:58  Marine  
  100  6:59  Marauder  
  100  7:00  Marine  
  104  7:04  Marine  
  104  7:06  Medivac  
  104  7:08  SCV  
  91  7:15  SCV  
  91  7:18  Marine  
  91  7:20  SCV  
  91  7:22  Medivac  
  94  7:28  SCV  
  94  7:29  Orbital Command  
  92  7:32  SCV  
  92  7:33  Marine  
  92  7:34  Supply Depot  
  92  7:35  Marauder  
  92  7:36  Medivac  
  96  7:40  SCV  
  96  7:41  Widow Mine  
  96  7:42  Widow Mine, Marauder  
  103  7:44  SCV  
  103  7:45  Barracks Reactor, Barracks Tech Lab  
  103  7:47  Orbital Command  
  104  7:52  SCV  
  104  7:54  Marine  
  104  7:56  SCV  
  104  7:57  Marauder  
  107  8:01  Marine  
  107  8:04  SCV, Medivac  
  107  8:05  Marine  
  111  8:08  SCV  
  111  8:12  Marine, Widow Mine x2  
  118  8:16  SCV  
  120  8:22  Marine  
  120  8:23  Marine  
  120  8:24  SCV x2  
  120  8:26  Marine  
  125  8:28  Supply Depot  
  125  8:30  Marine  
  125  8:32  SCV  
  125  8:36  SCV, Armory  
  125  8:37  Sensor Tower, Engineering Bay  
  125  8:38  Refinery  
  125  8:39  SCV  
  125  8:40  Supply Depot  
  124  8:44  SCV  
  124  8:45  Medivac x2  
  124  8:48  Refinery  
  129  8:51  Missile Turret  
  129  8:52  Missile Turret  
  129  8:53  Marine, Marauder  
  131  9:05  Starport  
  131  9:09  Marine  
  131  9:13  SCV  
  131  9:15  Marine, Viking x2, Marauder  
  131  9:16  Supply Depot  
  133  9:28  Marine  
  133  9:31  Marine  
  122  9:32  SCV x2  
  122  9:33  Marine x2  
  122  9:38  Terran Infantry Armor Level 2, Terran Infantry Weapons Level 2  
  117  9:43  Liberator  
  117  9:44  Liberator  
  117  9:45  Viking  
  128  9:48  Marine  
  128  9:49  Marine  
  128  9:51  Marine x2, Liberator  
  130  10:01  Marauder x2  
  130  10:02  Command Center  
  130  10:03  SCV  
  130  10:06  Marine  
  130  10:07  Marine, SCV  
  138  10:08  SCV  
  138  10:09  Marine x2  
  138  10:10  Marauder  
  143  10:15  SCV  
  130  10:22  Liberator  
  131  10:33  SCV, Terran Ship Weapons Level 1  
  131  10:35  Ghost Academy  
  131  10:36  Bunker  
  131  10:37  Liberator  
  131  10:40  Liberator  
  136  10:49  Supply Depot  
  135  10:52  Marine  
  135  10:53  Marine, Missile Turret  
  135  10:54  Missile Turret  
  135  10:55  SCV  
  141  11:05  Supply Depot, Enhanced Shockwaves  
  141  11:06  Missile Turret  
  141  11:07  Marine  
  141  11:10  SCV  
  140  11:15  Ghost  
  140  11:17  Sensor Tower  
  140  11:18  Ghost  
  142  11:21  Ghost  
  142  11:24  Marine  
  142  11:25  Missile Turret  
  147  11:28  SCV  
  146  11:39  Marine  
  139  11:40  Marine  
  139  11:41  Liberator  
  139  11:44  Marine  
  139  11:46  SCV  
  147  11:51  Ghost  
  147  11:53  Ghost  
  146  12:03  SCV x3  
  146  12:05  Ghost  
  150  12:14  Marine x2  
  150  12:15  SCV  
  150  12:18  Medivac  
  150  12:19  Marine x2  
  158  12:26  SCV x2  
  157  12:31  Marine  
  157  12:35  Viking  
  161  12:38  SCV  
  161  12:39  SCV x2  
  161  12:40  Liberator x2  
  166  12:53  Sensor Tower  
  166  12:54  Planetary Fortress  
  166  12:58  Marine x2  
  171  13:05  Refinery  
  171  13:06  Refinery, Missile Turret  
  167  13:13  Marine x2  
  167  13:14  Marine x2, Marauder  
  167  13:16  Marine  
  172  13:32  Marauder x2  
  172  13:34  Marine x2, Liberator  
  175  13:35  Marauder  
  175  13:36  Liberator  
  175  13:39  Marine  
  181  13:43  Marine  
  182  13:52  Fusion Core, Marine  
  182  13:53  Barracks  
  182  13:54  Barracks  
  182  13:55  Liberator  
  172  13:56  Command Center  
  172  14:00  Medivac  
  172  14:02  Marine, Marauder  
  177  14:04  SCV  
  172  14:16  Liberator  
  158  14:17  Marine  
  158  14:19  Marine, Marauder  
  158  14:22  Marine x2, Liberator  
  158  14:23  Marauder x2  
  171  14:30  Liberator  
  174  14:35  Marine  
  174  14:37  Marine  
  176  14:41  Marauder  
  176  14:43  Ghost  
  179  14:48  Ghost  
  170  14:54  SCV  
  170  14:58  SCV x2  
  142  15:00  Marine  
  142  15:02  Marine  
  142  15:04  Marine  
  142  15:05  Marine  
  145  15:13  Barracks Tech Lab  
Show
View Real Time Build Order
Export as new Build Order

MCanning Protoss 

Build Orders: 1 Gate Expand, Blink Stalkers 

Get SALT Encoding   

  12  0:00  Probe  
  13  0:12  Probe  
  14  0:17  Pylon  
  14  0:24  Probe  
  15  0:36  Gateway, Probe (Chrono Boost)  
  16  0:46  Probe (Chrono Boost)  
  16  0:47  Assimilator  
  17  0:51  Probe (Chrono Boost)  
  18  1:03  Probe  
  19  1:15  Probe  
  20  1:22  Nexus  
  20  1:35  Cybernetics Core, Probe  
  21  1:42  Assimilator  
  21  1:47  Probe  
  22  1:55  Pylon  
  22  1:59  Probe  
  23  2:10  Adept (Chrono Boost)  
  23  2:12  Warp Gate  
  23  2:13  Probe (Chrono Boost)  
  27  2:23  Probe (Chrono Boost)  
  27  2:24  Twilight Council  
  27  2:28  Probe (Chrono Boost)  
  27  2:34  Stalker (Chrono Boost)  
  30  2:38  Probe  
  31  2:52  Shield Battery  
  31  2:56  Stalker (Chrono Boost), Probe  
  31  2:57  Probe  
  35  3:05  Blink (Chrono Boost)  
  35  3:08  Probe (Chrono Boost)  
  36  3:17  Probe (Chrono Boost)  
  38  3:20  Probe (Chrono Boost)  
  39  3:27  Probe (Chrono Boost)  
  39  3:28  Probe (Chrono Boost)  
  40  3:34  Probe  
  40  3:37  Probe  
  42  3:43  Gateway  
  42  3:46  Gateway, Probe  
  43  3:49  Probe  
  43  3:55  Robotics Facility  
  44  3:58  Probe  
  44  4:01  Pylon, Probe  
  46  4:13  Pylon  
  46  4:19  Probe x2  
  46  4:21  Nexus  
  48  4:27  Stalker  
  48  4:31  Probe x2  
  51  4:39  Sentry  
  51  4:43  Assimilator, Probe x2  
  51  4:45  Observer  
  56  4:46  Charge (Chrono Boost)  
  56  4:49  Pylon  
  56  4:55  Probe x2  
  58  5:00  Gateway  
  58  5:01  Pylon  
  58  5:02  Gateway  
  58  5:07  Probe x2  
  58  5:09  Observer  
  58  5:13  Gateway  
  61  5:14  Sentry  
  61  5:18  Gateway  
  61  5:19  Probe x2  
  65  5:27  Pylon  
  65  5:31  Probe x2  
  65  5:33  Robotics Bay  
  67  5:36  Probe  
  67  5:41  Immortal (Chrono Boost)  
  72  5:43  Probe  
  73  5:51  Shield Battery  
  73  5:52  Stalker  
  73  5:53  Stalker  
  77  5:57  Pylon  
  77  5:58  Probe  
  78  6:05  Pylon  
  78  6:08  Zealot x2  
  82  6:15  Probe  
  82  6:19  Pylon x2  
  82  6:20  Stalker x3  
  82  6:21  Pylon  
  82  6:22  Disruptor (Chrono Boost)  
  91  6:35  Zealot x4  
  99  6:48  Disruptor (Chrono Boost), Zealot x3  
  99  6:53  Shield Battery  
  108  7:00  Zealot x3  
  114  7:05  Zealot  
  104  7:10  Zealot x3  
  102  7:16  Disruptor (Chrono Boost)  
  97  7:28  Probe  
  97  7:29  Zealot x4  
  102  7:37  Forge  
  102  7:38  Pylon, Stalker x3  
  102  7:41  Forge  
  102  7:42  Pylon  
  104  7:57  Zealot x4  
  112  7:58  Colossus (Chrono Boost)  
  112  7:59  Probe  
  119  8:10  Protoss Ground Armor Level 1 (Chrono Boost)  
  119  8:12  Zealot x3  
  125  8:16  Probe  
  117  8:20  Protoss Ground Weapons Level 1 (Chrono Boost)  
  117  8:21  Probe  
  117  8:24  Shield Battery  
  116  8:29  Photon Cannon  
  116  8:31  Zealot, Probe  
  119  8:35  Assimilator  
  119  8:39  Pylon, Probe  
  119  8:40  Assimilator, Probe  
  121  8:42  Zealot  
  121  8:43  Pylon  
  123  8:51  Probe x2  
  123  8:52  Probe  
  123  8:55  Colossus  
  130  9:05  Robotics Facility  
  130  9:06  Pylon  
  130  9:10  Assimilator, Zealot x3  
  130  9:14  Zealot  
  128  9:27  Zealot x3  
  131  9:34  Extended Thermal Lance (Chrono Boost)  
  131  9:40  Probe  
  131  9:45  Zealot x3  
  138  9:51  Nexus, Probe  
  139  9:53  Pylon  
  139  9:56  Disruptor (Chrono Boost)  
  145  10:00  Disruptor (Chrono Boost)  
  145  10:03  Dark Shrine  
  145  10:08  Pylon  
  145  10:09  Zealot x3  
  147  10:24  Disruptor  
  147  10:26  Photon Cannon  
  147  10:27  Shield Battery, Zealot x3  
  147  10:28  Zealot  
  152  10:29  Protoss Ground Weapons Level 2 (Chrono Boost)  
  152  10:38  Probe  
  152  10:40  Protoss Ground Armor Level 2 (Chrono Boost)  
  147  10:44  Probe x2  
  147  10:46  Gateway  
  147  10:49  Gateway  
  149  10:50  Probe  
  149  10:52  Disruptor  
  153  10:57  Templar Archives  
  153  10:59  Probe  
  153  11:03  Stalker  
  156  11:06  Disruptor  
  156  11:09  Zealot  
  156  11:10  Zealot  
  161  11:18  Dark Templar x3  
  161  11:24  Stalker  
  162  11:35  Stalker x2  
  162  11:36  Stalker  
  145  11:40  Probe x3  
  140  11:53  Stalker  
  127  12:10  Probe (Chrono Boost)  
  127  12:15  Stalker x2  
  132  12:18  Probe (Chrono Boost)  
  132  12:19  Probe (Chrono Boost)  
  131  12:24  Probe (Chrono Boost)  
  131  12:25  Probe (Chrono Boost)  
  131  12:28  Probe (Chrono Boost)  
  131  12:29  Probe (Chrono Boost)  
  134  12:31  Probe (Chrono Boost)  
  134  12:32  Probe (Chrono Boost)  
  134  12:36  Disruptor  
  139  12:37  Probe x2  
  139  12:39  Probe  
  139  12:43  Probe  
  143  12:49  Probe x2  
  145  12:51  Stalker x4  
  153  13:00  Probe  
  153  13:04  Dark Templar  
  156  13:07  Zealot x4  
  164  13:14  Pylon  
  164  13:16  Probe  
  164  13:17  Probe  
  164  13:18  Probe  
  159  13:30  Zealot x3  
  159  13:33  Probe  
  166  13:37  Stalker x3  
  172  13:41  Stalker  
  172  13:46  Probe  
  163  13:58  Zealot x5  
  163  14:02  Dark Templar  
  170  14:23  Probe  
  169  14:33  Stalker x3  
  169  14:34  Zealot x3  
  146  14:59  Probe  
  121  15:05  Zealot x5  
  121  15:06  Stalker x2  
  115  15:12  Zealot  

Tags
 
Add a new tag
Caveats
  • Supply blocks, unpowered buildings, or Contaminate may cause inaccurate times.
  • Supply counts are checked every 10 seconds.